 Dungeon Crawl Stone Soup version 0.27.1-3-gb3d3a73c9e (webtiles) character file.

Game seed: 15635571429063245272

365 MisterFreud the Skirmisher (level 6, 0/58 HPs)
             Began as a Minotaur Abyssal Knight on Oct 11, 2021.
             Was a Believer of Lugonu.
             Slain by a sky beast (6 damage)
             ... on level 5 of the Dungeon.
             The game lasted 00:05:34 (3938 turns).

MisterFreud the Skirmisher (MiAK)                   Turns: 3938, Time: 00:05:36

Health: 0/58       AC: 12    Str: 19    XL:     6   Next: 40%
Magic:  6/6        EV: 10    Int:  9    God:    Lugonu [**....]
Gold:   153        SH:  0    Dex:  9    Spells: 5/5 levels left

rFire    . . .     SeeInvis .   p - +2 hand axe (venom)
rCold    . . .     Faith    .   (no shield)
rNeg     . . .     Spirit   .   k - +0 plate armour
rPois    .         Reflect  .   (helmet restricted)
rElec    .         Harm     .   e - scarf {+Inv}
rCorr    .         Rampage  .   (no gloves)
Will     .....                  (no boots)
Stlth    ..........             (no amulet)
HPRegen  0.19/turn              c - +4 ring of evasion
MPRegen  0.10/turn              (no ring)

@: no status effects
A: horns 2, retaliatory headbutt
a: Renounce Religion, Evoke Invisibility, Depart the Abyss, Bend Space


You were on level 5 of the Dungeon.
You worshipped Lugonu.
Lugonu was pleased with you.
You visited 1 branch of the dungeon, and saw 5 of its levels.
You visited the Abyss 1 time.

You collected 223 gold pieces.
You spent 70 gold pieces at shops.

Inventory:

Hand Weapons
 a - a +1 falchion
 p - a +2 hand axe of venom (weapon)
Missiles
 r - 3 boomerangs of dispersal
 s - 2 silver boomerangs (quivered)
 t - 3 boomerangs
Armour
 b - a +0 leather armour
 e - a scarf of invisibility (worn)
 k - a +0 plate armour (worn)
Jewellery
 c - a +4 ring of evasion (left hand)
 m - a ring of ice
 w - a ring of positive energy
Wands
 v - a wand of polymorph (10)
Scrolls
 d - a scroll of blinking
 f - a scroll of immolation
 i - a scroll of amnesia
 j - 3 scrolls of teleportation
 o - a scroll of enchant weapon
 u - a scroll of fog
Potions
 g - 2 potions of brilliance
 h - 2 potions of mutation
 n - a potion of flight
 x - a potion of resistance


   Skills:
 + Level 6.5 Fighting
 - Level 2.6 Long Blades
 * Level 3.8 Axes
 + Level 4.4 Armour
 - Level 1.1 Dodging
 - Level 2.0 Invocations


You had 5 spell levels left.
You didn't know any spells.
Your spell library contained the following spells:

 Spells                   Type           Power      Damage    Failure   Level
 Conjure Flame            Conj/Fire      0%         6-21      100%        3
 Ignite Poison            Fire/Tmut/Pois 0%         N/A       100%        3
 Sticky Flame             Conj/Fire      0%         2d3       100%        4
 Fireball                 Conj/Fire      0%         3d3       100%        5
 Starburst                Conj/Fire      0%         6d3       100%        6
 Ignition                 Fire           0%         3d3       100%        8


Dungeon Overview and Level Annotations

Branches:
Dungeon (5/15)
 Temple: D:4-7

Altars:
Fedhas

Shops:
D:3 (:?

Annotations:
D:2 1 runed translucent door, Crazy Yiuf
D:5 Prince Ribbit


Innate Abilities, Weirdness & Mutations

You have a pair of horns on your head.
You reflexively headbutt those who attack you in melee.


Message History

Prince Ribbit is heavily wounded.
You closely miss something.
Prince Ribbit blinks!
Something hits you. Something shocks you.
* * * LOW HITPOINT WARNING * * *
You closely miss something. Something hits you but does no damage.
You miss something. Something hits you.
* * * LOW HITPOINT WARNING * * *
Something shocks you.
* * * LOW HITPOINT WARNING * * *
You feel better. Prince Ribbit completely misses you.
A sky beast appears from thin air!
Reactivating autopickup.
The sky beast hits you but does no damage.
Prince Ribbit hits you but does no damage.
You closely miss the sky beast.
The sky beast is severely wounded.
You miss Prince Ribbit.
The sky beast hits you but does no damage.
Prince Ribbit hits you!
* * * LOW HITPOINT WARNING * * *
Unknown command.
Prince Ribbit barely misses you. You furiously retaliate!
You headbutt Prince Ribbit.
Prince Ribbit blinks!
Prince Ribbit mumbles some strange words.
Prince Ribbit easily resists.
The sky beast looks more healthy.
Prince Ribbit blinks!
You barely miss the sky beast. Your headbutt misses the sky beast.
The sky beast is almost dead.
The sky beast closely misses you. The sky beast barely misses you.
You closely miss the sky beast. Your headbutt misses the sky beast.
The sky beast is almost dead.
The sky beast hits you but does no damage.
You closely miss the sky beast. Your headbutt misses the sky beast.
The sky beast is almost dead.
Prince Ribbit casts a spell.
Prince Ribbit looks slightly unstable.
The sky beast hits you.
* * * LOW HITPOINT WARNING * * *
The sky beast shocks you.
You die...

##(..# ##.....## #.......#
###### #.......#
###########......
#.......###................
##........#................
#.......#..................
#......)#####.##.##.?......
#.......## #@.#....###..##
##.......# ##Y#....# ###
##...##.## #..F...##)....
######..#####.##.))F.....
##..........))......
##.................
#.........≈.......
####..#.##........
###......##.#......


You could see Prince Ribbit (poisoned) and a sky beast.

Vanquished Creatures
  An ogre (D:5)
  A jelly (D:4)
  A bullfrog skeleton (D:4)
  Jessica (D:3)
  A hound skeleton (D:3)
  4 gnolls (D:2)
  2 adders
  A howler monkey skeleton (D:4)
  2 worms (D:2)
  5 dart slugs
  18 orcs
  5 bats
  4 endoplasms
  3 giant cockroaches
  11 goblins
  5 hobgoblins
  2 jackals (D:2)
  A quokka (D:2)
  7 ball pythons
  3 frilled lizards
  5 kobolds
  4 rats
87 creatures vanquished.

Vanquished Creatures (others)
  A fungus (D:3)
  2 plants (D:3)
3 creatures vanquished.

Grand Total: 90 creatures vanquished

Notes
Turn   | Place    | Note
-------+----------+-------------------------------------------
     0 | Abyss:1  | MisterFreud the Minotaur Abyssal Knight began the quest for
                  | the Orb.
     0 | Abyss:1  | Reached XP level 1. HP: 19/19 MP: 1/1
    30 | Abyss:1  | Noticed a raiju
    31 | Abyss:1  | Noticed a tentacled starspawn
    35 | Abyss:1  | Noticed a ynoxinul
    36 | D:1      | Escaped the Abyss
   205 | D:1      | Reached skill level 4 in Fighting
   207 | D:1      | Reached * piety under Lugonu
   208 | D:1      | Reached XP level 2. HP: 18/27 MP: 2/2
   923 | D:2      | Reached XP level 3. HP: 35/35 MP: 3/3
  1064 | D:2      | Reached skill level 5 in Fighting
  1365 | D:2      | Found a runed translucent door.
  1366 | D:2      | Noticed Crazy Yiuf
  1548 | D:2      | Reached ** piety under Lugonu
  1549 | D:2      | Reached XP level 4. HP: 32/42 MP: 4/4
  2324 | D:3      | Found a blossoming altar of Fedhas.
  2362 | D:3      | Reached skill level 1 in Axes
  2419 | D:3      | Reached XP level 5. HP: 46/50 MP: 5/5
  2493 | D:3      | Found Beset's Magic Scroll Emporium.
  2497 | D:3      | Bought a scroll of fog for 20 gold pieces
  2497 | D:3      | Bought a scroll of teleportation for 30 gold pieces
  2497 | D:3      | Bought a scroll of identify for 20 gold pieces
  2507 | D:3      | Noticed Jessica
  2512 | D:3      | Killed Jessica
  2513 | D:3      | Reached skill level 6 in Fighting
  2545 | D:3      | You fall into a shaft and drop 1 floor!
  2576 | D:4      | Identified the +2 robe of Nemelex Xobeh {Str+3}
  2665 | D:3      | Found Argha's Antique Weapon Boutique.
  2675 | D:3      | Found Qagu's Book Boutique.
  2694 | D:3      | Found Hyfaus's Weapon Emporium.
  3589 | D:4      | Reached XP level 6. HP: 52/57 MP: 6/6
  3849 | D:5      | Entered Level 5 of the Dungeon
  3911 | D:5      | Noticed Prince Ribbit
  3912 | D:5      | Noticed a sky beast
  3938 | D:5      | Slain by a sky beast

Illustrated notes

Levels and vault maps discovered:
D:1:      scummos_arrival_checkerplants, layout_loops_ring, minmay_bisected
D:2:      layout_basic, uniq_crazy_yiuf_cottage
D:3:      layout_rooms, fedhas_altar_3, serial_shops, shop, shop, shop, shop,
          grunt_ministairs_12, uniq_jessica
D:4:      layout_loops_corners, serial_bayou_pond_a, corner_web_ring,
          kennysheep_generic_room_9
D:5:      layout_rooms, uniq_prince_ribbit1

Skill      XL: |  1  2  3  4  5 |
---------------+----------------+-----
Fighting       | 4 5 6 |  6.5
Invocations    | 2 |  2.0
Armour         | 3 4 |  4.4
Axes           | 1 3 |  3.8
Long Blades    | |  2.6
Dodging        | |  1.1

Action                   |  1- 3 |  4- 6 || total
-------------------------+-------+-------++-------
Melee: Falchion          |    80 |    30 ||   110
       Headbutt          |    15 |    18 ||    33
       Hand axe          |       |   113 ||   113
Throw: Boomerang         |       |     2 ||     2
Invok: Depart the Abyss  |     1 |       ||     1
  Use: Scroll            |       |    10 ||    10
       Potion            |       |     1 ||     1
Armor: Leather armour    |     8 |       ||     8
       Plate armour      |    22 |    81 ||   103
Dodge: Dodged            |    49 |    84 ||   133
       Rpst.: Falchion   |    13 |     5 ||    18
